 Dungeon Crawl Stone Soup version 0.27.0-1-g7a089689b8 (webtiles) character file.

Game seed: 2836678881181779353

179590 frimble the Brawler (level 17, -14/170 HPs)
             Began as a Troll Warper on Aug 13, 2021.
             Was the Champion of Cheibriados.
             Shot with an arrow by a deep elf master archer (25 damage)
             ... on level 3 of the Elven Halls.
             The game lasted 00:49:46 (25481 turns).

frimble the Brawler (Troll Warper)                 Turns: 25481, Time: 00:49:47

Health: -14/170    AC: 15    Str: 41    XL:     17   Next: 61%
Magic:  29/34      EV: 16    Int: 28    God:    Cheibriados [******]
Gold:   1425       SH: 20    Dex: 27    Spells: 9/24 levels left

rFire    + + .     SeeInvis +     - Unarmed
rCold    + . .     Faith    .   Q - +1 kite shield {rPois}
rNeg     + + +     Spirit   .   O - +4 troll leather armour
rPois    +         Reflect  +   V - +2 hat "Qacop" {rN+ Dex+2 Slay+3}
rElec    +         Harm     .   J - +2 cloak {rF+}
rCorr    .         Rampage  .   (gloves unavailable)
Will     ++...                  (boots unavailable)
Stlth    +.........             Y - amulet of reflection
HPRegen  2.38/turn              k - ring of Fallacy {rF+ rC+ rN++ MP+9 Stlth-}
MPRegen  0.24/turn              n - ring "Isaaqoca" {rElec Will+ Str+3 SInv}

@: studying Air Magic, invisible, very slow
A: large, unfitting armour, claws 3, regeneration 1, shaggy fur 1, tough skin 1
a: Renounce Religion, Bend Time, Temporal Distortion, Slouch, Step From Time


You were on level 3 of the Elven Halls.
You worshipped Cheibriados.
Cheibriados was exalted by your worship.
You visited 5 branches of the dungeon, and saw 27 of its levels.
You visited the Abyss 1 time.
You also visited: Bailey and Volcano.

You collected 4621 gold pieces.
You spent 3196 gold pieces at shops.

Inventory:

Missiles
 a - 23 large rocks
 c - 8 boomerangs of dispersal
 r - 5 throwing nets
 v - 91 boomerangs (quivered)
 D - 42 poisoned darts
 K - 3 silver boomerangs
Armour
 J - a +2 cloak of fire resistance (worn)
 O - a +4 troll leather armour (worn)
 Q - a +1 kite shield of poison resistance (worn)
 V - the +2 hat "Qacop" (worn) {rN+ Dex+2 Slay+3}
   (You acquired it on level 12 of the Dungeon)

   Dex:       It affects your dexterity (+2).
   Slay:      It affects your accuracy & damage with ranged weapons and melee
   (+3).
   rN:        It protects you from negative energy.
Jewellery
 k - the ring of Fallacy (left claw) {rF+ rC+ rN++ MP+9 Stlth-}
   (You found it on level 6 of the Lair of Beasts)

   [ring of protection from cold]

   rF:        It protects you from fire.
   rC:        It protects you from cold.
   rN:        It greatly protects you from negative energy.
   MP:        It affects your magic capacity (+9).
   Stlth:     It makes you less stealthy.
 n - the ring "Isaaqoca" (right claw) {rElec Will+ Str+3 SInv}
   (You found it on level 5 of the Lair of Beasts)

   [ring of see invisible]

   Str:       It affects your strength (+3).
   rElec:     It insulates you from electricity.
   SInv:      It lets you see invisible.
   Will:      It increases your willpower.
 s - the ring of Disaster {AC+4 Int+5 Dex+2}
   (You bought it in a shop on level 1 of the Elven Halls)

   [ring of protection]

   AC:        It affects your AC (+4).
   Int:       It affects your intelligence (+5).
   Dex:       It affects your dexterity (+2).
 G - an amulet of regeneration
 T - an amulet of magic regeneration
 Y - an amulet of reflection (around neck)
Wands
 g - a wand of mindburst (10)
 H - a wand of iceblast (44)
 I - a wand of paralysis (33)
 P - a wand of digging (2)
 W - a wand of acid (29)
 Z - a wand of charming (4)
Scrolls
 b - 5 scrolls of blinking
 e - 9 scrolls of fog
 f - a scroll of enchant armour
 j - 3 scrolls of immolation
 o - 19 scrolls of teleportation
 t - 6 scrolls of fear
 w - 6 scrolls of torment
 y - 3 scrolls of magic mapping
 z - 5 scrolls of amnesia
 B - 2 scrolls of summoning
 R - a scroll of silence
 U - 9 scrolls of identify
 X - 3 scrolls of holy word
Potions
 d - 3 potions of invisibility
 h - 4 potions of ambrosia
 i - 4 potions of lignification
 l - 9 potions of heal wounds
 m - 19 potions of curing
 p - 7 potions of attraction
 q - 5 potions of brilliance
 u - 10 potions of mutation
 A - 7 potions of magic
 C - 5 potions of flight
 E - 4 potions of might
 M - 2 potions of cancellation
Miscellaneous
 x - a tin of tremorstones (2/2)
 F - a condenser vane
 L - a lightning rod (4/4)


   Skills:
 - Level 11.0 Fighting
 - Level 11.0 Throwing
 - Level 1.6 Armour
 - Level 8.0 Dodging
 - Level 8.0 Shields
 + Level 15.8 Unarmed Combat
 - Level 4.0 Spellcasting
 - Level 5.3 Translocations
 + Level 4.7 Transmutations
 + Level 6.1 Earth Magic
 - Level 12.0 Invocations
 - Level 3.0 Evocations


You had 9 spell levels left.
You knew the following spells:

 Your Spells              Type           Power      Damage    Failure   Level
a - Blink                 Tloc           N/A        N/A       1%          2
b - Statue Form           Tmut/Erth      24%        N/A       86%         6
c - Passwall              Tmut/Erth      30%        N/A       1%          2
d - Lee's Rapid Deconstr  Erth           20%        3d13*     22%         5

Your spell library contained the following spells:

 Spells                   Type           Power      Damage    Failure   Level
 Sandblast                Erth           80%        2d17      1%          1
 Wereblood                Tmut           32%        N/A       2%          2
 Gell's Gravitas          Tloc           17%        N/A       3%          3
 Lesser Beckoning         Tloc           17%        N/A       3%          3
 Teleport Other           Tloc           35%        N/A       3%          3
 Stone Arrow              Conj/Erth      44%        3d9       9%          3
 Foxfire                  Conj/Fire      20%        2x1d5     10%         1
 Magic Dart               Conj           20%        1d4       10%         1
 Shock                    Conj/Air       20%        1d4       10%         1
 Portal Projectile        Hex/Tloc       40%        N/A       10%         3
 Petrify                  Tmut/Erth      36%        N/A       11%         4
 Spider Form              Tmut/Pois      9%         N/A       12%         3
 Ensorcelled Hibernation  Hex/Ice        10%        N/A       16%         2
 Poisonous Vapours        Pois/Air       10%        N/A       16%         2
 Sublimation of Blood     Necr           2%         N/A       16%         2
 Ignite Poison            Fire/Tmut/Pois 14%        N/A       16%         3
 Leda's Liquefaction      Hex/Erth       11%        N/A       28%         4
 Call Canine Familiar     Summ           5%         N/A       30%         3
 Conjure Flame            Conj/Fire      5%         6-21      30%         3
 Frozen Ramparts          Ice            10%        1d3       30%         3
 Inner Flame              Hex/Fire       5%         N/A       30%         3
 Summon Guardian Golem    Hex/Summ       5%         N/A       30%         3
 Swiftness                Air            5%         N/A       30%         3
 Manifold Assault         Tloc           35%        N/A       30%         5
 Ice Form                 Ice/Tmut       18%        N/A       36%         4
 Borgnjor's Vile Clutch   Necr/Erth      11%        N/A       63%         5
 Airstrike                Air            2%         N/A       69%         4
 Sticky Flame             Conj/Fire      5%         2d3       69%         4
 Summon Ice Beast         Ice/Summ       5%         N/A       69%         4
 Summon Lightning Spire   Summ/Air       5%         N/A       69%         4
 Alistair's Intoxication  Tmut/Pois      12%        N/A       71%         5
 Bolt of Magma            Conj/Fire/Erth 8%         4d6       77%         5
 Lightning Bolt           Conj/Air       2%         1d14      95%         5
 Metabolic Englaciation   Hex/Ice        2%         N/A       95%         5
 Eringya's Noxious Bog    Tmut/Pois      9%         N/A       99%         6
 Conjure Ball Lightning   Conj/Air       2%         3x3d6     100%        6
 Invisibility             Hex            2%         N/A       100%        6
 Shadow Creatures         Summ           N/A        N/A       100%        6
 Haunt                    Necr/Summ      2%         N/A       100%        7
 Malign Gateway           Summ/Tloc      10%        N/A       100%        7
 Orb of Destruction       Conj           2%         9d1       100%        7
 Spellforged Servitor     Conj/Summ      2%         N/A       100%        7
 Storm Form               Tmut/Air       9%         N/A       100%        7
 Summon Hydra             Summ           2%         N/A       100%        7
 Borgnjor's Revivificati  Necr           2%         N/A       100%        8
 Discord                  Hex            2%         N/A       100%        8
 Disjunction              Tloc           17%        N/A       100%        8
 Maxwell's Capacitive Co  Air            2%         ∞         100%        8
 Necromutation            Tmut/Necr      9%         N/A       100%        8
 Summon Horrible Things   Summ           2%         N/A       100%        8
 Death's Door             Necr           2%         N/A       100%        9
 Shatter                  Erth           20%        3d18*     100%        9


Dungeon Overview and Level Annotations

Branches:
Dungeon (15/15)            Temple (1/1) D:6            Lair (6/6) D:9
  Swamp (0/4) Lair:4        Snake (0/4) Lair:3        Slime (0/5) Lair:6
    Orc (2/2) D:10            Elf (3/3) Orc:2        Vaults (0/5) D:14
 Depths (0/5) D:15         Bailey (visited)         Volcano (visited)

Altars:
Ashenzari
Cheibriados
Dithmenos
Elyvilon
Fedhas
Gozag
Hepliaklqana
Kikubaaqudgha
Makhleb
Nemelex Xobeh
Okawaru
Qazlal
Ru
Sif Muna
Trog
Uskayaw
Vehumet
Wu Jian
Xom
Yredelemnul
Zin
The Shining One
Beogh

Shops:
D:8 *   D:9 [   D:13 =   D:15 [   Orc:2 [(:=   Elf:1 *?:=[   Elf:3 *(:[

Annotations:
Elf:2 3 runed translucent doors


Innate Abilities, Weirdness & Mutations

You are too large for most types of armour.
You have claws for hands.
Your natural rate of healing is unusually fast.
You are covered in fur. (AC +1)
You have tough skin. (AC +1)


Message History

You are too injured to fight recklessly!
You are too injured to fight recklessly!
You are too injured to fight recklessly!
You are too injured to fight recklessly!
You are too injured to fight recklessly!
You are too injured to fight recklessly!
You can feel time thicken for a moment.
You kill the deep elf blademaster!
Cheibriados thoroughly appreciates the change of pace.
The deep elf annihilator casts a spell at you.
The iron shot misses you.
Your Earth Magic skill increases to level 6!
You closely miss the deep elf annihilator.
The deep elf annihilator is moderately wounded.
You claw the deep elf annihilator!
The deep elf annihilator is heavily wounded.
You block the deep elf annihilator's attack.
The deep elf master archer wields a +0 longbow.
The deep elf master archer shoots an arrow.
The arrow hits you!!
You closely miss the deep elf annihilator.
The deep elf annihilator is heavily wounded.
The deep elf master archer shoots an arrow.
The arrow hits you!!
* * * LOW HITPOINT WARNING * * *
The deep elf annihilator gestures at you while chanting.
The poison arrow reflects off an invisible shield around you!
The poison arrow hits the deep elf annihilator!!
The deep elf annihilator looks as sick as possible!
You kill the deep elf annihilator!
Cheibriados thoroughly appreciates the change of pace.
The deep elf master archer shoots an arrow.
The arrow hits you!!
* * * LOW HITPOINT WARNING * * *
Okay, then.
Unknown command.
You fade into invisibility!
The deep elf master archer shoots an arrow.
The arrow hits you!!
You die...

######### ##e#
#.......######..#
#.#####.#.....?.#
#.#####.#.##....#
#.##...)).......#
#.##.##.#.##....##
#.##.##)#.###)...##
##......)#...<.@...###########
#...<..#########)..#.........#
# #.###))# #####.#..#....# #
#.###))# ######...........#.#
# #.##)))#
#................#<# #
#.##.#.#
#...)....#.#..#..#.###
#.##.#.#
#........#.......[....
#......##
#........##.......(...
#.......#
#........##.#..∩......


You could see a deep elf master archer.

Vanquished Creatures
  A lich (Abyss:2)
  A deep elf blademaster (Elf:3)
  A tentacled starspawn (Abyss:2)
  Kirke (D:12)
  2 deep elf sorcerers (Elf:3)
  A deep elf elementalist (Elf:3)
  A stone giant (Volcano)
  A deep elf demonologist (Elf:3)
  2 deep elf annihilators
  Nessos (D:12)
  The ghost of Jogov the Destroyer, a journeyman DgWz (D:14)
  Snorg (Orc:2)
  An ettin (D:15)
  4 deep elf death magi
  Harold (D:7)
  13 hydras
  Josephine (D:14)
  A deep elf high priest (Elf:1)
  9 boulder beetles
  An ice dragon (D:14)
  4 catoblepae
  An anaconda (Lair:6)
  A centaur warrior (D:15)
  An ogre mage (D:15)
  10 dancing weapons
  7 two-headed ogres
  4 tengu warriors
  2 death yaks (Lair:5)
  3 orc high priests (Orc:2)
  2 thrashing horrors (Abyss:2)
  6 deep elf knights
  Sonja (D:12)
  Nergalle (Lair:3)
  A shock serpent (Elf:1)
  A wretched star (Abyss:2)
  2 deep trolls (D:15)
  A shadow demon (Abyss:2)
  2 bog bodies (Lair:4)
  10 deep elf archers
  2 phantasmal warriors
  2 wizards (D:15)
  6 orc knights
  18 deep elf pyromancers
  A necromancer (D:14)
  21 deep elf zephyrmancers
  6 oklob plants
  2 wolf spiders (Lair:6)
  16 ugly things
  3 manticores
  5 cyclopes
  4 orc sorcerers (Orc:2)
  A worldbinder (Abyss:2)
  12 black mambas
  10 elephants
  A salamander (shapeshifter) (Elf:2)
  21 cane toads
  2 torpor snails
  A smoke demon (Abyss:2)
  2 gargoyles
  2 guardian serpents
  Joseph (D:7)
  3 efreet
  4 large abominations (Abyss:2)
  An unseen horror (D:10)
  Maggie (Lair:2)
  3 rime drakes
  A yaktaur (shapeshifter) (D:14)
  2 demonic crawlers (Elf:2)
  A hellwing (Abyss:2)
  A tengu conjurer (D:13)
  An ice devil (Abyss:2)
  An ancient zyme (Abyss:2)
  A queen bee (D:14)
  9 komodo dragons
  8 meliai
  4 trolls
  A meliai (shapeshifter) (Elf:2)
  3 slime creatures (D:14)
  5 hornets
  12 polar bears
  Prince Ribbit (D:7)
  7 raiju
  A hornet (shapeshifter) (D:14)
  16 dream sheep
  11 blink frogs
  A dream sheep (shapeshifter) (Elf:3)
  A spriggan (Lair:4)
  3 air elementals
  2 water elementals (Elf:2)
  2 shadows
  36 yaks
  A ynoxinul (Abyss:2)
  3 redbacks (Lair:6)
  14 wyverns
  7 basilisks
  A dire elephant simulacrum (Abyss:2)
  3 fire elementals
  2 hogs (D:12)
  6 wraiths
  A basilisk (shapeshifter) (D:13)
  11 vampire mosquitoes
  12 wargs
  An acid dragon (D:10)
  22 water moccasins
  6 small abominations (Abyss:2)
  16 hell hounds
  19 orc warriors
  A swamp drake (D:10)
  2 ice beasts
  14 black bears
  A necrophage (D:5)
  A sky beast (D:6)
  9 ogres
  5 centaurs
  25 wolves
  A phantom (D:7)
  Blork the orc (D:5)
  15 bullfrogs
  4 earth elementals
  A gnoll sergeant (D:11)
  14 killer bees
  11 wights
  8 howler monkeys
  2 electric eels (Lair:2)
  5 centaur zombies
  A bullfrog zombie (D:6)
  A centaur skeleton (D:7)
  A hound (D:7)
  6 jellies
  Crazy Yiuf (D:3)
  8 orc priests
  3 bullfrog skeletons
  20 orc wizards
  A scorpion zombie (D:5)
  Natasha (thrice) (D:3)
  2 iguanas (D:6)
  2 hell rats (Lair:5)
  2 howler monkey skeletons
  Robin (D:4)
  19 gnolls
  10 adders
  7 river rats (Lair:5)
  A white imp (Abyss:2)
  4 ufetubi
  An adder zombie (D:5)
  An adder skeleton (D:4)
  3 worms
  2 dart slugs (D:1)
  58 orcs
  6 endoplasms
  2 giant cockroaches
  15 goblins
  21 hobgoblins
  12 kobolds
  5 quokkas
  9 ball pythons
  4 bats
  A frilled lizard (D:2)
  A quokka skeleton (D:4)
  6 rats
  2 starspawn tentacles (Abyss:2)
874 creatures vanquished.

Vanquished Creatures (collateral kills)
  A polar bear (Lair:4)
  2 orc warriors (Orc:2)
3 creatures vanquished.

Vanquished Creatures (others)
  2 dream sheep
  A human (D:12)
  A water moccasin (Lair:6)
  An orc priest (Orc:2)
  2 orcs (D:10)
  20 fungi
  90 plants
  3 starspawn tentacles (Abyss:2)
120 creatures vanquished.

Grand Total: 997 creatures vanquished

Notes
Turn   | Place    | Note
-------+----------+-------------------------------------------
     0 | D:1      | frimble the Troll Warper began the quest for the Orb.
     0 | D:1      | Reached XP level 1. HP: 19/19 MP: 1/1
    97 | D:1      | Reached skill level 1 in Throwing
   239 | D:1      | Reached XP level 2. HP: 28/28 MP: 2/2
   767 | D:2      | Reached XP level 3. HP: 29/35 MP: 3/3
  1202 | D:3      | Reached XP level 4. HP: 38/42 MP: 4/4
  1206 | D:3      | Noticed Natasha
  1214 | D:3      | Killed Natasha
  1430 | D:4      | Noticed Robin
  1473 | D:4      | Reached skill level 3 in Unarmed Combat
  1474 | D:4      | Killed Robin
  1496 | D:4      | Found a glowing silver altar of Zin.
  1581 | D:4      | Reached XP level 5. HP: 50/50 MP: 5/5
  1719 | D:4      | Found a blossoming altar of Fedhas.
  1723 | D:4      | Found an ancient bone altar of Kikubaaqudgha.
  1918 | D:5      | Entered Level 5 of the Dungeon
  1918 | D:5      | Noticed a black bear
  1924 | D:5      | Killed a black bear
  1932 | D:5      | Learned a level 2 spell: Blink
  1938 | D:5      | Reached XP level 6. HP: 58/59 MP: 6/6
  2148 | D:5      | Reached skill level 4 in Unarmed Combat
  2148 | D:5      | Reached XP level 7. HP: 46/67 MP: 7/7
  2193 | D:5      | Noticed Blork the orc
  2202 | D:5      | Killed Blork the orc
  2262 | D:5      | Noticed a two-headed ogre
  2299 | D:5      | Killed a two-headed ogre
  2300 | D:5      | Reached skill level 5 in Unarmed Combat
  2300 | D:5      | Reached XP level 8. HP: 28/79 MP: 0/8
  2439 | D:5      | Found a hazy altar of Hepliaklqana.
  3025 | D:3      | Found a bloodstained altar of Trog.
  3025 | D:3      | Noticed Natasha
  3030 | D:3      | Killed Natasha
  3087 | D:3      | Noticed Natasha
  3093 | D:3      | Killed Natasha
  3161 | D:3      | Found a runed translucent door.
  3162 | D:3      | Noticed Crazy Yiuf
  3281 | D:3      | Killed Crazy Yiuf
  3510 | D:6      | Learned a level 4 spell: Airstrike
  3514 | D:6      | Reached skill level 5 in Throwing
  3648 | D:6      | Found a basalt altar of Yredelemnul.
  3699 | D:6      | You are sucked into a shaft and drop 3 floors!
  3754 | D:8      | Reached skill level 5 in Fighting
  3754 | D:8      | Reached skill level 6 in Unarmed Combat
  3861 | D:7      | Noticed Joseph
  3915 | D:8      | Reached skill level 5 in Translocations
  3915 | D:8      | Reached XP level 9. HP: 83/88 MP: 9/9
  3918 | D:8      | Identified a scroll of acquirement
  3920 | D:8      | Acquired 697 gold pieces
  3950 | D:8      | Found an opulent altar of Gozag.
  4090 | D:8      | Found Muloek's Assorted Antiques.
  4137 | D:8      | Bought a scroll labelled FOECYD YFRAET for 23 gold pieces
  4475 | D:8      | Got Bapn's Compendium of the Congealing Birds
  4496 | D:8      | Noticed a two-headed ogre
  4501 | D:8      | Learned a level 2 spell: Passwall
  4597 | D:7      | Noticed Prince Ribbit
  4607 | D:7      | Killed Prince Ribbit
  4843 | D:7      | Killed a two-headed ogre
  4844 | D:7      | Reached skill level 7 in Unarmed Combat
  4844 | D:7      | Reached skill level 1 in Earth Magic
  4844 | D:7      | Reached skill level 1 in Evocations
  4940 | D:7      | Killed Joseph
  4941 | D:7      | Reached XP level 10. HP: 64/98 MP: 12/12
  5311 | D:7      | Noticed Harold
  5326 | D:7      | Killed Harold
  5331 | D:7      | Reached skill level 8 in Unarmed Combat
  5677 | D:9      | Found Meiko's Armour Boutique.
  6106 | D:9      | Found a staircase to the Lair.
  6548 | D:10     | Entered Level 10 of the Dungeon
  6641 | D:10     | Reached XP level 11. HP: 48/109 MP: 16/16
  6679 | D:10     | Found a flagged portal.
  6701 | Bailey   | Entered a bailey
  6947 | Bailey   | Noticed an orc knight
  6962 | Bailey   | Killed an orc knight
  6963 | Bailey   | Reached skill level 9 in Unarmed Combat
  6965 | Bailey   | Reached XP level 12. HP: 100/118 MP: 17/17
  7356 | D:10     | Identified the +2 spear of Qazlal's Esteem {vorpal, Str+7}
  8098 | D:10     | Found a staircase to the Orcish Mines.
  8196 | D:10     | Reached skill level 1 in Armour
  8615 | D:11     | Reached skill level 1 in Shields
  8757 | D:11     | Noticed a six-headed hydra
  8783 | D:11     | Killed a six-headed hydra
  9016 | D:12     | Noticed Nessos
  9137 | Lair:1   | Entered Level 1 of the Lair of Beasts
  9653 | D:6      | Found a staircase to the Ecumenical Temple.
 10025 | Temple   | Entered the Ecumenical Temple
 10214 | Temple   | Became a worshipper of Cheibriados the Contemplative
 10531 | Lair:1   | Noticed a five-headed hydra
 10550 | Lair:1   | Killed a five-headed hydra
 10551 | Lair:1   | Reached skill level 5 in Shields
 11103 | Lair:2   | Noticed Maggie
 11139 | Lair:2   | Killed Maggie
 11452 | Lair:2   | Found a blossoming altar of Fedhas.
 11468 | Lair:2   | Reached * piety under Cheibriados
 11712 | Lair:2   | Noticed an eight-headed hydra
 11721 | Lair:2   | Killed an eight-headed hydra
 11722 | Lair:2   | Reached XP level 13. HP: 127/127 MP: 15/18
 11988 | Lair:3   | Noticed Nergalle
 12005 | Lair:3   | Killed Nergalle
 12038 | Lair:3   | Found a staircase to the Snake Pit.
 12069 | Lair:3   | Found a dark tunnel.
 12088 | Volcano  | Entered a volcano
 12113 | Volcano  | Noticed a stone giant
 12134 | Volcano  | Killed a stone giant
 12498 | Lair:3   | Reached ** piety under Cheibriados
 13238 | Lair:4   | Reached skill level 10 in Unarmed Combat
 13462 | Lair:4   | Found a staircase to the Swamp.
 13958 | Lair:5   | Reached *** piety under Cheibriados
 14302 | Lair:5   | Found a shadowy altar of Dithmenos.
 14810 | Lair:5   | Reached **** piety under Cheibriados
 14888 | Lair:5   | Reached skill level 11 in Unarmed Combat
 14910 | Lair:5   | Reached skill level 1 in Invocations
 15061 | Lair:5   | Reached XP level 14. HP: 141/141 MP: 17/19
 15116 | Lair:5   | Reached skill level 10 in Fighting
 15288 | Lair:5   | Reached ***** piety under Cheibriados
 15314 | Lair:5   | Identified the ring "Isaaqoca" {rElec Will+ Str+3 SInv}
 15731 | Lair:5   | Reached skill level 5 in Invocations
 16047 | Lair:6   | Entered Level 6 of the Lair of Beasts
 16799 | Lair:6   | Found a staircase to the Slime Pits.
 16884 | Lair:6   | Reached skill level 12 in Unarmed Combat
 17059 | Lair:6   | Reached XP level 15. HP: 153/153 MP: 20/20
 17575 | Lair:6   | Reached ****** piety under Cheibriados
 17892 | Lair:6   | Identified the ring of Fallacy {rF+ rC+ rN++ MP+9 Stlth-}
 18162 | D:12     | Noticed Kirke
 18163 | D:12     | Killed Nessos
 18165 | D:12     | Reached skill level 13 in Unarmed Combat
 18168 | D:12     | Killed Kirke
 18380 | D:12     | Acquired the +2 hat "Qacop" {rN+ Dex+2 Slay+3}
 18439 | D:12     | Noticed Sonja
 18444 | D:12     | Paralysed by Sonja for 4 turns
 18449 | D:12     | Killed Sonja
 19084 | D:13     | Found Quke's Jewellery Emporium.
 19505 | D:14     | Found a gate to the Vaults.
 19870 | D:14     | Reached skill level 10 in Invocations
 20031 | D:14     | Found a transporter.
 20031 | D:14     | Found a transporter.
 20031 | D:14     | Noticed Jogov's ghost (journeyman DgWz)
 20066 | D:14     | Noticed Josephine
 20071 | D:14     | Killed Josephine
 20526 | D:14     | Killed Jogov's ghost
 20590 | D:15     | Entered Level 15 of the Dungeon
 20605 | D:15     | Reached XP level 16. HP: 162/162 MP: 22/22
 20631 | D:15     | Reached skill level 14 in Unarmed Combat
 20820 | D:15     | Cast into level 2 of the Abyss (a wizard)
 20967 | Abyss:2  | Reached skill level 10 in Throwing
 20982 | Abyss:2  | Noticed a tentacled monstrosity
 21100 | Abyss:2  | Noticed a lich
 21112 | Abyss:2  | Killed a lich
 21118 | Abyss:2  | Noticed a tentacled starspawn
 21127 | Abyss:2  | Killed a tentacled starspawn
 21336 | D:15     | Escaped the Abyss
 21352 | D:15     | Found a staircase to the Depths.
 21417 | D:15     | Found Suham's Armour Boutique.
 21821 | Orc:1    | Entered Level 1 of the Orcish Mines
 21995 | Orc:2    | Entered Level 2 of the Orcish Mines
 22022 | Orc:2    | Noticed Snorg
 22030 | Orc:2    | Killed Snorg
 22294 | Orc:2    | Found Ona Roe's Weapon Shop.
 22294 | Orc:2    | Found Guoplyup's Armour Emporium.
 22297 | Orc:2    | Found Suwnymoa's Jewellery Shop.
 22297 | Orc:2    | Found Adygiy Buon's Book Emporium.
 22307 | Orc:2    | Bought a book of Sloth for 396 gold pieces
 22314 | Orc:2    | Learned a level 6 spell: Statue Form
 22384 | Orc:2    | Found a staircase to the Elven Halls.
 23258 | Elf:1    | Entered Level 1 of the Elven Halls
 23268 | Elf:1    | Reached skill level 1 in Transmutations
 23528 | Elf:1    | Got the Disquisition on Supportive Confrontation
 23573 | Elf:1    | Found Quhit's Magic Scroll Emporium.
 23584 | Elf:1    | Bought a scroll of teleportation for 54 gold pieces
 23584 | Elf:1    | Bought a scroll of blinking for 135 gold pieces
 23584 | Elf:1    | Bought a scroll of teleportation for 54 gold pieces
 23584 | Elf:1    | Bought a scroll of teleportation for 54 gold pieces
 23584 | Elf:1    | Bought a scroll of blinking for 135 gold pieces
 23584 | Elf:1    | Bought a scroll of magic mapping for 63 gold pieces
 23584 | Elf:1    | Bought a scroll of fog for 36 gold pieces
 23613 | Elf:1    | Reached skill level 15 in Unarmed Combat
 23647 | Elf:1    | Found Sodangoepn's Book Boutique.
 23655 | Elf:1    | Bought a Necronomicon for 896 gold pieces
 23672 | Elf:1    | Found Kiovvo's Assorted Antiques.
 23684 | Elf:1    | Bought a scroll of teleportation for 66 gold pieces
 23684 | Elf:1    | Bought a glowing wooden ring for 110 gold pieces
 23684 | Elf:1    | Bought a dented golden amulet for 110 gold pieces
 23770 | Elf:1    | Found Roraqoth's Antique Armour Emporium.
 23773 | Elf:1    | Bought a glowing cloak for 202 gold pieces
 23795 | Elf:1    | Found Ugiwedd's Jewellery Boutique.
 23812 | Elf:1    | Bought the ring of Disaster {AC+4 Int+5 Dex+2} for 750 gold
                  | pieces
 24159 | Elf:2    | Reached XP level 17. HP: 170/170 MP: 24/24
 24345 | Elf:2    | Found a runed translucent gate.
 24345 | Elf:2    | Found a runed translucent gate.
 24346 | Elf:2    | Found a runed translucent gate.
 24810 | Elf:3    | Entered Level 3 of the Elven Halls
 24835 | Elf:3    | Paralysed by an air elemental for 1 turns
 24886 | Elf:3    | Reached skill level 5 in Earth Magic
 25025 | Elf:3    | Found Fawk's Antique Weapon Emporium.
 25056 | Elf:3    | Found Zuohimec's Book Shoppe.
 25097 | Elf:3    | Found Vasuetue's Armour Boutique.
 25167 | Elf:3    | Identified the +0 robe of the Good {*Corrode rElec Dex+3}
 25199 | Elf:3    | Noticed a deep elf blademaster
 25202 | Elf:3    | Noticed a deep elf master archer
 25228 | Elf:3    | Identified the +9 dagger "Dutiwnis" {vamp, rPois Str+6
                  | Int-2}
 25257 | Elf:3    | Learned a level 5 spell: Lee's Rapid Deconstruction
 25275 | Elf:3    | Noticed an Ice Fiend
 25412 | Elf:3    | Found Foisuny's General Store.
 25421 | Elf:3    | Bought a potion of heal wounds for 80 gold pieces
 25421 | Elf:3    | Bought a scroll of fog for 32 gold pieces
 25436 | Elf:3    | Identified the +1 leather armour of Discretion {rElec rC++
                  | Dex+3}
 25477 | Elf:3    | Killed a deep elf blademaster
 25481 | Elf:3    | Shot with an arrow by a deep elf master archer

Illustrated notes

Levels and vault maps discovered:
D:1:      lemuel_arrival_cross, layout_basic
D:2:      layout_loops_ring, kennysheep_generic_room_8
D:3:      layout_rooms, trog_butcher_becter, uniq_crazy_yiuf_cottage,
          uniq_natasha
D:4:      layout_basic, marbit_many_paths,
          grunt_temple_overflow_growth_and_decay, uniq_robin
D:5:      layout_rooms, mainiacjoe_overflow_alcove_2, minmay_manual_maat,
          uniq_blork_the_orc
D:6:      layout_loops_corners, mainiacjoe_overflow_boulevard,
          minmay_temple_entry_purple_smoke, minmay_fractal_squares_gapless_5
D:7:      layout_loops_ring, uniq_prince_ribbit1, uniq_harold, uniq_joseph
D:8:      layout_basic, kennysheep_little_box, serial_shops,
          nicolae_shop_crystal
D:9:      layout_irregular_city, lair_entry_dummy, serial_shops, shop
D:10:     layout_basic, erik_orc_1, enter_bailey_5, eino_jars
D:11:     layout_roguey
D:12:     layout_irregular_city, uniq_kirke, uniq_nessos, uniq_sonja
D:13:     layout_roguey, serial_shops, shop
D:14:     layout_stronghold, david_vaults_4, minmay_misc_feat_doors,
          gammafunk_ghost_hive, minmay_stone_trees_small, uniq_josephine
D:15:     hangedman_depths_entry_civil_slaughter, layout_cave_pools,
          hangedman_decor_lopped, serial_shops, shop_fountains
Temple:   regret_index_temple_generic_petals
Lair:1:   layout_gridlike, serial_bayou_shore_b
Lair:2:   layout_chaotic_city, hangedman_tree_tricks, lemuel_fruit_tree,
          serial_bayou_shore_a, uniq_maggie
Lair:3:   layout_cave_pods, minmay_snake_entry_spellcaster, enter_volcano_3,
          uniq_nergalle
Lair:4:   layout_big_grid, skrybe_swamp_entry_bodies,
          grunt_forest_large_clearing_hut
Lair:5:   nzn_winding_woodlands_huge [nzn_winding_woodlands_5x15_jagged,
          nzn_winding_woodlands_5x15_sawtooth,
          nzn_winding_woodlands_5x15_concentric,
          nzn_winding_woodlands_5x15_pockets,
          nzn_winding_woodlands_5x15_lazy_stream,
          nzn_winding_woodlands_5x15_cabin, nzn_winding_woodlands_5x15_garden,
          nzn_winding_woodlands_5x15_longhouse,
          nzn_winding_woodlands_5x15_river_crossing,
          nzn_winding_woodlands_5x15_pool, nzn_winding_woodlands_center_garden,
          nzn_winding_woodlands_center_diamonds,
          nzn_winding_woodlands_15x15_five_gardens], layout_misc_corridors,
          basic_altar, kennysheep_rathole, infiniplex_staircase_pool
Lair:6:   hangedman_lair_caniforms_friends, layout_long_grid,
          hangedman_lair_tendril_chambers, nicolae_slime_entry_slimehenge,
          minmay_lair_oklob_chamber
Orc:1:    layout_caves, nooodl_orcs_dogs
Orc:2:    grunt_orc_tribal_feast, layout_caves, basic_altar, uniq_snorg
Elf:1:    minmay_shoctagon, layout_loops_cross, serial_shops, shop,
          nicolae_shop_trees, nicolae_shop_behind_doors,
          nicolae_shop_overgrown_old_shop, nicolae_shop_window_shopping,
          minmay_elf_sorcery, lemuel_upstairs_altar
Elf:2:    elven_hall_of_blades_hangedman_original [nooodl_blade_entry_preview],
          layout_gridlike, einodemon_crawler_minivault
Elf:3:    grunt_elf_hall_branching, layout_loops_cross, serial_shops,
          nicolae_lakefront_shop, shop, shop_fountains, nicolae_lakefront_shop,
          nicolae_shop_window_shopping

Skill      XL: |  1  2  3  4  5  6  7  8  9 10 11 12 13 14 15 16 17 |
---------------+----------------------------------------------------+-----
Throwing       | 1 2 3 4 5 6 8 9 11 | 11.0
Fighting       | 2 3 4 5 6 7 9 11 | 11.0
Unarmed Combat | 3 4 5 6 7 8 9 11 12 13 15 | 15.8
Translocations | 3 4 5 |  5.3
Spellcasting   | 2 4 |  4.0
Earth Magic    | 2 3 6 |  6.1
Evocations     | 2 3 |  3.0
Dodging        | 7 8 |  8.0
Armour         | 1 |  1.6
Shields        | 7 8 |  8.0
Invocations    | 2 7 10 11 12 | 12.0
Transmutations | 2 4 |  4.7

Action                   |  1- 3 |  4- 6 |  7- 9 | 10-12 | 13-15 | 16-18 || total
-------------------------+-------+-------+-------+-------+-------+-------++-------
Melee: Unarmed           |   106 |   100 |   249 |   471 |  1086 |   619 ||  2631
       Punch             |       |       |     9 |    28 |       |       ||    37
Throw: Boomerang         |       |       |    43 |   119 |   147 |    65 ||   374
       Dart              |       |       |       |    12 |    11 |       ||    23
       Throwing net      |       |       |       |     1 |       |       ||     1
 Cast: Blink             |       |       |    12 |    16 |    24 |     7 ||    59
       Passwall          |       |       |       |       |     1 |    14 ||    15
Invok: Slouch            |       |       |       |       |     9 |     7 ||    16
Evoke: Wand              |       |       |     3 |     5 |     9 |     3 ||    20
       Lightning rod     |       |       |       |       |     4 |     4 ||     8
  Use: Scroll            |       |       |    11 |     6 |     8 |     9 ||    34
       Potion            |       |       |     1 |     1 |     1 |     2 ||     5
 Stab: Sleeping          |     3 |     1 |     1 |     1 |     5 |       ||    11
       Paralysed         |       |       |       |     5 |       |       ||     5
       Distracted        |       |       |       |       |     1 |       ||     1
Armor: Robe              |    44 |    25 |    48 |   107 |       |       ||   224
       Acid dragon scale |       |       |       |   103 |   231 |       ||   334
       Troll leather arm |       |       |       |       |    50 |   119 ||   169
Dodge: Dodged            |    53 |    31 |   110 |   301 |   544 |   233 ||  1272
Block: Kite shield       |       |       |       |     4 |  1086 |   622 ||  1712
       Reflection        |       |       |       |       |     4 |    61 ||    65
